 Dungeon Crawl Stone Soup version 0.20.1-1-g8b1a95d (webtiles) character file.

1017 wolfsongas the Basher (level 8, 0/58 HPs)
             Began as a Demonspawn Fighter on Aug 4, 2017.
             Was an Elder of Okawaru.
             Slain by an orc
             ... wielding a +0 trident
              (2 damage)
             ... on level 4 of the Dungeon.
             The game lasted 00:09:36 (3287 turns).

wolfsongas the Basher (Demonspawn Fighter)          Turns: 3287, Time: 00:09:37

Health: 0/58       AC: 15    Str: 18    XL:     8   Next: 2%
Magic:  7/8        EV:  7    Int:  9    God:    Okawaru [****..]
Gold:   173        SH:  9    Dex: 14    Spells: 7/7 levels left

rFire    . . .     SeeInvis .   a - +0 flail
rCold    . . .     Gourm    .   c - +0 shield
rNeg     . . .     Faith    +   b - +0 scale mail
rPois    +         Spirit   .   d - +0 helmet
rElec    .         Reflect  .   (no cloak)
rCorr    .         Harm     .   h - +1 pair of gloves
MR       .....                  (no boots)
Stlth    ..........             n - amulet of faith
Regen    0.2/turn               j - ring of poison resistance
MPRegen  0.2/turn               (no ring)

@: sanguine armour
A: demonic guardian 1, rot immunity, sanguine armour 1
a: Heroism, Renounce Religion


You were on level 4 of the Dungeon.
You worshipped Okawaru.
Okawaru was greatly pleased with you.
You were not hungry.

You visited 1 branch of the dungeon, and saw 4 of its levels.

You collected 173 gold pieces.

Inventory:

Hand Weapons
 a - a +0 flail (weapon)
Missiles
 u - 4 javelins of returning (quivered)
Armour
 b - a +0 scale mail (worn)
 c - a +0 shield (worn)
 d - a +0 helmet (worn)
 h - a +1 pair of gloves (worn)
Jewellery
 j - a ring of poison resistance (left hand)
 n - an amulet of faith (around neck)
Wands
 f - a wand of paralysis (14/24)
Scrolls
 e - a scroll of enchant armour
 i - a scroll of identify
 m - a scroll of magic mapping {unknown}
 s - a scroll of teleportation
 t - a scroll of amnesia {unknown}
Potions
 l - a potion of curing
 p - a potion of degeneration {unknown}
 r - a potion of haste {unknown}
Comestibles
 g - 3 fruits
 k - 3 meat rations
 o - 3 bread rations
 q - a royal jelly


   Skills:
 - Level 3.0 Fighting
 * Level 8.7 Maces & Flails
 - Level 2.6 Armour
 - Level 2.6 Shields


You had 7 spell levels left.
You didn't know any spells.

Dungeon Overview and Level Annotations

Branches:
Dungeon (4/15)
 Temple: D:4-7

Altars:
Hepliaklqana
Okawaru
Trog


Innate Abilities, Weirdness & Mutations

A weak demonic guardian rushes to your aid.
You are immune to rotting.
When seriously injured, your bleeding wounds create armour. (AC +6)


Message History

The orc hits you but does no damage. You block the orc priest's attack.
Your shield prevents you from hitting the orc priest.
The orc priest is almost dead.
The orc hits you but does no damage.
The orc priest hits you but does no damage.
You closely miss the orc priest.
The orc priest is almost dead.
The orc hits you with a trident.
* * * LOW HITPOINT WARNING * * *
You hit the orc priest.
You kill the orc priest!
Okawaru accepts your kill.
You have reached level 8!
You feel agile.
Your demonic ancestry asserts itself...
You feel your blood ready itself to protect you.
Your blood congeals into armour.
The orc barely misses you.
You barely miss the orc. You closely miss the orc.
The orc hits you but does no damage.
You hit the orc but do no damage. The orc hits you with a trident.
You die...

###.###### ##.##
#........# #.#
#.#.####.# #.#
#.#.# #.# #'## #
#.# #.# #...#
#.. #.# #.....
.##.###(##<.....
........#.......
.......)@o......
........#)......
.##.##.###......
... #. #.....
..# #. #...# ..
#. #'## .. ...
## #.


You could see an orc.

Vanquished Creatures
  The ghost of zcamperz the Conjurer, an amateur DECj (D:4)
  An ogre (D:4)
  3 orc priests
  2 orc wizards (D:4)
  A worker ant (D:4)
  Robin (D:3)
  3 gnolls
  4 adders
  5 worms
  2 dart slugs (D:3)
  5 leopard geckos
  8 orcs
  6 giant cockroaches
  12 goblins
  8 hobgoblins
  3 jackals (D:3)
  A quokka (D:4)
  3 ball pythons
  10 bats
  5 frilled lizards
  9 kobolds
  8 rats
101 creatures vanquished.

Vanquished Creatures (collateral kills)
  Pikel (D:4)
  A slave (D:4)
  2 eyes of draining (D:3)
  An orc wizard (D:3)
  3 gnolls
  2 dart slugs
  A bat (D:3)
  A goblin (D:3)
  A hobgoblin (D:3)
13 creatures vanquished.

Vanquished Creatures (others)
  2 slaves (D:4)
  A hound (D:4)
3 creatures vanquished.

Grand Total: 117 creatures vanquished

Notes
Turn   | Place    | Note
-------+----------+-------------------------------------------
     0 | D:1      | wolfsongas the Demonspawn Fighter began the quest for the Orb.
     0 | D:1      | Reached XP level 1. HP: 18/18 MP: 1/1
    77 | D:1      | Reached skill level 2 in Maces & Flails
   267 | D:1      | Gained mutation: A weak demonic guardian rushes to your aid. [demonic ancestry]
   267 | D:1      | Reached XP level 2. HP: 21/24 MP: 2/2
   359 | D:1      | You fall through a shaft!
   403 | D:1      | Reached skill level 3 in Maces & Flails
   608 | D:1      | Reached XP level 3. HP: 29/29 MP: 3/3
   731 | D:2      | Found a hazy altar of Hepliaklqana.
   909 | D:2      | Reached XP level 4. HP: 32/35 MP: 4/4
   916 | D:2      | Found a faded altar of an unknown god.
   918 | D:2      | Became a worshipper of Warmaster Okawaru
   918 | D:2      | Reached * piety under Okawaru
   928 | D:2      | Reached skill level 4 in Maces & Flails
  1289 | D:3      | Noticed Robin
  1357 | D:3      | Killed Robin
  1572 | D:3      | Reached XP level 5. HP: 34/41 MP: 2/5
  1575 | D:3      | Reached skill level 5 in Maces & Flails
  2131 | D:3      | Noticed an eye of draining
  2132 | D:3      | Found a bloodstained altar of Trog.
  2133 | D:3      | Noticed an eye of draining
  2142 | D:3      | Killed an eye of draining
  2142 | D:3      | Reached ** piety under Okawaru
  2143 | D:3      | Killed an eye of draining
  2143 | D:3      | Reached skill level 6 in Maces & Flails
  2143 | D:3      | Reached XP level 6. HP: 47/47 MP: 0/6
  2811 | D:4      | Noticed a slave
  2811 | D:4      | Noticed a slave
  2811 | D:4      | Noticed a slave
  2812 | D:4      | Noticed Pikel
  2813 | D:4      | Noticed a slave
  2815 | D:4      | Noticed zcamperz's ghost (amateur DECj)
  2837 | D:4      | Killed a slave
  2842 | D:4      | Killed Pikel
  2842 | D:4      | Reached *** piety under Okawaru
  2842 | D:4      | Reached **** piety under Okawaru
  2842 | D:4      | Reached skill level 8 in Maces & Flails
  2842 | D:4      | Gained mutation: You are immune to rotting. [demonic ancestry]
  2842 | D:4      | Reached XP level 7. HP: 17/52 MP: 7/7
  2930 | D:4      | Killed zcamperz's ghost
  3215 | D:4      | Received a gift from Okawaru
  3283 | D:4      | HP: 1/52 [orc/trident (5)]
  3284 | D:4      | Gained mutation: When seriously injured, your bleeding wounds create armour. (AC +6) [demonic ancestry]
  3284 | D:4      | Reached XP level 8. HP: 1/58 MP: 6/8
  3287 | D:4      | Slain by an orc

Skill      XL: |  1  2  3  4  5  6 |
---------------+-------------------+-----
Maces & Flails | 2 3 4 6 8 |  8.7
Fighting       | |  3.0
Armour         | |  2.6
Shields        | |  2.6

Action                   |  1- 3 |  4- 6 |  7- 9 || total
-------------------------+-------+-------+-------++-------
Melee: Flail             |   141 |   219 |    38 ||   398
Invok: Heroism           |       |     3 |     2 ||     5
Evoke: Wand              |       |     3 |       ||     3
  Use: Potion            |     2 |     5 |     1 ||     8
       Scroll            |     1 |     2 |       ||     3
 Stab: Paralysed         |       |     4 |       ||     4
       Distracted        |       |     1 |       ||     1
  Eat: Bread ration      |       |     2 |       ||     2
       Royal jelly       |       |     1 |       ||     1
Armor: Scale mail        |    83 |    79 |    12 ||   174
       Skin              |       |    22 |       ||    22
Dodge: Dodged            |    46 |    40 |     7 ||    93
Block: Shield            |    85 |    95 |    18 ||   198
